[Event "Early-Titled-Tuesday-Blitz-February-13-2024"]
[Site "Chess.com"]
[Date "2024.02.13"]
[Round "5"]
[White "Ducke13"]
[Black "yaguigor"]
[Result "1-0"]
[WhiteElo "2330"]
[BlackElo "2668"]
[TimeControl "180+1"]
[EndTime "9:00:40 PST"]
[Termination "Ducke13 won on time"]

1. d4 d5 2. Nf3 Nf6 3. g3 c6 4. c4 Bg4 5. Ne5 Bf5 6. cxd5 cxd5 7. Nc3 Nc6 8. f3 e6 9. g4 Bg6 10. h4 h5 11. Nxg6 fxg6 12. g5 Nd7 13. Bh3 Kf7 14.
a3 Bd6 15. Qd3 Ne7 16. e4 Re8 17. O-O Kg8 18. Bxe6+ Kh7 19. exd5 Nf8 20. Bf7 Qd7 21. Bxe8 Qh3 22. Qe2 Rxe8 23. Qg2 Qxh4 24. Ne4 Nf5 25. Bd2 Nxd4 26. Rae1 Bf4 27. Bxf4 Qxf4 28. Nf6+ gxf6 29. Rxe8 fxg5 30. d6 Qxd6 31. Qxg5 Nf5 32. Rfe1 Kg7 33.
R1e7+ Nxe7 34. Rxe7+ Kg8 35. Qe5 Qxe5 36. Rxe5 Kf7 37.
Rc5 Ne6 38. Ra5 a6 39. Rd5 Ke7 40. Re5 Kd6 41. Re3 b5 42. Kf2 g5 43. Kg3 a5 44.
Rd3+ Kc5 45. Rc3+ Kd5 46. Rc8 1-0

[Event "Early-Titled-Tuesday-Blitz-February-13-2024"]
[Site "Chess.com"]
[Date "2024.02.13"]
[Round "5"]
[White "Sokoloco"]
[Black "Zhigalko_Sergei"]
[Result "1-0"]
[WhiteElo "2803"]
[BlackElo "2960"]
[TimeControl "180+1"]
[EndTime "9:00:41 PST"]
[Termination "Sokoloco won by checkmate"]

1. b3 e5 2. Bb2 e4 3. c4 Nf6 4. Nc3 Bc5 5. d4 exd3 6. Qxd3 O-O 7. e3 Nc6 8. Nf3 Re8 9. Be2 d6 10. O-O Bg4 11. Rad1 Bh5 12. Nh4 Ne5 13. Qd2 Nfg4 14. Nf5 Bg6 15. Nd4 Qh4 16. h3 Nf6 17. Nf3 Nxf3+ 18. Bxf3 Rab8 19. Ba1 Bb6 20. Na4 Ne4 21. Qb2 f6 22. Nxb6 axb6 23. Rd4 Qg5 24. Qe2 Qa5 25. h4 h6 26. Qc2 Qf5 27. Qd1 Bh7 28. a4 Re7 29.
Rd5 Qe6 30. Bg4 Qf7 31. Bh5 Bg6 32. Bf3 Rbe8 33. Qd4 Nc5 34. Qd1 Be4 35. Bh5 Bg6 36. Bxg6 Qxg6 37. b4 Ne4 38. a5 bxa5 39. Rxa5 Qf7 40.
Qc2 b6 41. Ra7 c5 42. Ra6 Rb7 43. b5 Qe6 44. Rd1 Kh8 45. Rd5 Qf7 46. Bb2 Qe6 47. Qd3 Qg4 48. f3 Qxh4 49. fxe4 Rxe4 50. Bc3 Rbe7 51.
Rxd6 Rg4 52. Ra8+ Re8 53. Rxe8# 1-0

[Event "Early-Titled-Tuesday-Blitz-February-13-2024"]
[Site "Chess.com"]
[Date "2024.02.13"]
[Round "5"]
[White "AlexTruskavetsky"]
[Black "ErikRonka"]
[Result "0-1"]
[WhiteElo "2706"]
[BlackElo "2530"]
[TimeControl "180+1"]
[EndTime "9:00:41 PST"]
[Termination "ErikRonka won by checkmate"]

1. d4 d5 2. c4 c6 3. Nf3 Nf6 4. e3 Bf5 5. Bd3 Bg6 6. O-O e6 7. b3 Nbd7 8. Bb2 Bd6 9. Bxg6 hxg6 10. h3 O-O 11. Qc2 Qe7 12. Nbd2 Ba3 13. Bc3 Bb4 14.
Bxb4 Qxb4 15. c5 Qa5 16. b4 Qc7 17. a4 e5 18. b5 e4 19. Ne1 Nh5 20. Qb3 f5 21. Nc2 Kh7 22. Rab1 Rab8 23. f4 g5 24. fxg5 Qg3 25. Rf2 Qxg5 26. Qc3 Rbe8 27. bxc6 bxc6 28. Rb7 Re7 29. Nb4 Qh6 30. Nf1 f4 31. exf4 Nxf4 32. Rc7 Ref7 33. h4 Nh3+ 34. Qxh3 Rxf2 35. Ng3 Nf6 36. Rxc6 e3 37. Re6 Qg6 38.
h5 Qb1+ 39. Kh2 Qxb4 40. h6 g6 41. Re7+ Kh8 42. Nh1 Qxd4 43. Rg7 Qf4+ 44. Qg3 Qxg3+ 45. Kxg3 Rf5 46. Rf7 e2 47. Rxf8+ Kh7 48. Re8 Nxe8 49. c6 e1=Q+ 50. Kh2 Qe5+ 51. g3 Qc7 52. Nf2 Re5 53. Ng4 Re4 54. Nf6+ Nxf6 55. Kh3 Re3 56. Kh2 Qxg3+ 57. Kh1 Re1# 0-1

[Event "Early-Titled-Tuesday-Blitz-February-13-2024"]
[Site "Chess.com"]
[Date "2024.02.13"]
[Round "5"]
[White "NelsonLinda"]
[Black "Matols"]
[Result "1-0"]
[WhiteElo "2572"]
[BlackElo "2400"]
[TimeControl "180+1"]
[EndTime "9:00:41 PST"]
[Termination "NelsonLinda won on time"]

1. Nf3 d5 2. d4 Nf6 3. Bg5 Ne4 4.
Bh4 c5 5. dxc5 Qa5+ 6. Nbd2 e6 7.
e3 Bxc5 8. Bd3 Nxd2 9. Nxd2 Qb4 10. Qh5 Nc6 11. Rb1 g6 12. Qh6 Bf8 13. Qf4 Qxf4 14. exf4 Nb4 15. Bf6 Rg8 16. a3 Nxd3+ 17. cxd3 Be7 18.
Bxe7 Kxe7 19. Nf3 Bd7 20. Kd2 Rac8 21. Rhc1 f6 22. Rxc8 Rxc8 23. b3 Kd6 24. d4 Bb5 25. Rg1 h6 26. h4 a5 27. a4 Bd7 28. Rb1 b5 29. axb5 Bxb5 30. Ra1 Ra8 31. Kc3 Be2 32. Ne1 Kc6 33. Nc2 Bb5 34. Ne3 Kd6 35. Ng4 f5 36. Ne5 a4 37. bxa4 Bxa4 38. Kd2 g5 39. fxg5 hxg5 40. hxg5 Bc6 41. Rxa8 Bxa8 42. Kc3 Bb7 43. Kb4 Ba6 44. g3 Be2 45. Ka5 Bf1 46. Kb6 Be2 47. g6 Ke7 48. Kc7 Bb5 49. g7 1-0

[Event "Early-Titled-Tuesday-Blitz-February-13-2024"]
[Site "Chess.com"]
[Date "2024.02.13"]
[Round "5"]
[White "amiqu"]
[Black "GMthekingindian"]
[Result "0-1"]
[WhiteElo "2053"]
[BlackElo "2338"]
[TimeControl "180+1"]
[EndTime "9:00:42 PST"]
[Termination "GMthekingindian won on time"]

1. d4 f5 2. Bg5 g6 3. Nc3 Bg7 4. e3 h6 5. Bh4 Nf6 6. Bxf6 Bxf6 7. Nd5 Bg7 8. h4 O-O 9. Bc4 e6 10. Nf4 d5 11. Bd3 Qf6 12. Nf3 Nd7 13. c4 c6 14. Qc2 Re8 15. cxd5 exd5 16. O-O-O Nb6 17. Kb1 Be6 18. Ne5 Bf7 19. h5 g5 20. Nfg6 Bxg6 21. hxg6 f4 22. Ng4 Qd6 23. Rxh6 fxe3 24. fxe3 Rxe3 25. Rdh1 Rg3 26. Ne5 Bxh6 27. Rxh6 Rf8 28. a3 Nc4 29. Nxc4 dxc4 30. Bxc4+ Kg7 31. Rh7+ Kf6 32. Qf2+ Qf4 33. Qxf4+ gxf4 34. Rxb7 Rxg2 35. Rc7 f3 36. Rxc6+ Ke7 37. Bd5 Rg1+ 38. Ka2 f2 39. Bc4 f1=Q 40. Bxf1 Rfxf1 41. Rc7+ Kf6 42. Rxa7 Ra1+ 43.
Kb3 Rg3+ 44. Kc4 Rc1+ 45. Kd5 Kxg6 46. b4 Rd1 47. Kc5 Rc3+ 48. Kb5 Rxd4 49. Ra6+ Kf5 50.
Ra8 Rd5+ 51. Ka4 Rdd3 52. Kb5 Rxa3 53. Rxa3 Rxa3 54. Kc6 Rc3+ 55. Kd6 Rb3 56. Kc5 Ke5 57. b5 Rc3+ 58. Kb6 Kd6 59. Ka7 Ra3+ 60. Kb7 Rb3 0-1

[Event "Early-Titled-Tuesday-Blitz-February-13-2024"]
[Site "Chess.com"]
[Date "2024.02.13"]
[Round "5"]
[White "CSB7"]
[Black "Antipov_Mikhail_Al"]
[Result "1-0"]
[WhiteElo "2768"]
[BlackElo "2942"]
[TimeControl "180+1"]
[EndTime "9:00:43 PST"]
[Termination "CSB7 won on time"]

1. d4 Nf6 2. c4 e6 3. Nf3 d5 4. g3 Bb4+ 5. Nbd2 O-O 6. Bg2 b6 7. O-O Bb7 8. cxd5 exd5 9. a3 Bxd2 10. Bxd2 Nbd7 11. Rc1 Re8 12. Bf4 c5 13. dxc5 bxc5 14. Qc2 Rc8 15. Rfd1 Qe7 16. Re1 h6 17. Nh4 Qe6 18.
Nf5 Rc6 19. Rcd1 Nb6 20. h4 Bc8 21. Ne3 d4 22. Bxc6 Qxc6 23. Nc4 Bb7 24. f3 Nh5 25.
Nxb6 axb6 26. Qd2 Qg6 27. Kf2 Re3 28. Bxe3 Qxg3+ 29. Kf1 Qh3+ 30. Kg1 Qg3+ 31. Kf1 Qh2 32. Bf2 Qh1+ 33. Bg1 Qh3+ 34. Kf2 Qxh4+ 35. Kf1 Qh3+ 36. Kf2 Qg3+ 37. Kf1 Qh3+ 38. Kf2 Ng3 39. Rf1 Qh4 40. Kg2 Bc8 41. f4 Bb7+ 42. Rf3 Nf5 43. Qe1 Qg4+ 44. Kf2 Bxf3 45. exf3 Qg3+ 46. Ke2 Qxf4 47. Qf2 c4 48. Rxd4 Qc1 49. Rd2 b5 50. Qe1 Qxe1+ 51. Kxe1 1-0

[Event "Early-Titled-Tuesday-Blitz-February-13-2024"]
[Site "Chess.com"]
[Date "2024.02.13"]
[Round "5"]
[White "WindWhistler11"]
[Black "GulamaliRises"]
[Result "0-1"]
[WhiteElo "2496"]
[BlackElo "2640"]
[TimeControl "180+1"]
[EndTime "9:00:43 PST"]
[Termination "GulamaliRises won by resignation"]

1. c4 e5 2. Nc3 Nf6 3. Nf3 Nc6 4.
e4 Bb4 5. d3 Bxc3+ 6. bxc3 d6 7.
g3 h6 8. Bg2 Ne7 9. O-O O-O 10.
Nh4 g5 11. Nf3 Kg7 12. Ne1 Ng6 13. Nc2 Ng8 14. Ne3 c6 15. Rb1 b6 16. Nf5+ Bxf5 17. exf5 N6e7 18. f4 f6 19. Qg4 Qe8 20. Bf3 Kh7 21.
h4 h5 22. Qxh5+ Qxh5 23. Bxh5 Nxf5 24. fxg5 Nxg3 25. Bg4 f5 26. Bf3 e4 27. Bg2 Nxf1 28.
Kxf1 d5 29. cxd5 cxd5 30. dxe4 fxe4+ 31. Ke2 Rac8 32. Rb3 Ne7 33. Bh3 Rc6 34. Ba3 Rf7 35.
Bg4 Ng6 36. h5 Nf4+ 37. Kd2 Kg7 38. Rb5 Nd3 39. Be2 Nc5 40. c4 d4 41. Bb2 e3+ 42. Kc2 Rd7 43. Bd3 Re6 44. Ba3 e2 45. Bb4 e1=Q 46.
Bxe1 Rxe1 47. h6+ Kg8 48. g6 Rf1 49. Bxf1 Re7 50. Bd3 Re3 51. Bf5 Rf3 52. Bg4 Rf2+ 53.
Kd1 d3 54. Rb2 Rf1+ 55. Kd2 Rg1 56. Ke3 Rxg4 57. h7+ Kh8 58. Rg2 Rxg2 0-1

[Event "Early-Titled-Tuesday-Blitz-February-13-2024"]
[Site "Chess.com"]
[Date "2024.02.13"]
[Round "5"]
[White "MarcoRiehle"]
[Black "HansOnTwitch"]
[Result "1/2-1/2"]
[WhiteElo "2873"]
[BlackElo "3159"]
[TimeControl "180+1"]
[EndTime "9:00:44 PST"]
[Termination "Game drawn - insufficient material"]

1. e4 c5 2. a3 g6 3. h4 Nf6 4.
e5 Nh5 5. g4 Ng7 6. h5 Nc6 7.
Nf3 d6 8. exd6 Bxg4 9. hxg6 fxg6 10. d3 exd6 11. Nc3 Qe7+ 12. Be3 Nf5 13. Nd5 Qf7 14. Nf4 Bg7 15. Be2 Bxb2 16. Rb1 Bf6 17. Qd2 O-O-O 18.
Ng5 Bxg5 19. Bxg4 Bxf4 20. Bxf4 Kb8 21. Kd1 h5 22. Bh3 Nfd4 23. Bg2 Rhf8 24. Be3 Nf3 25. Qc3 Nce5 26. Kc1 Ng4 27. Rh3 Nge5 28. d4 cxd4 29. Bxd4 Rc8 30. Qa5 Nc6 31. Bxa7+ Ka8 32. Qa4 Nxa7 33. Rxf3 Qxf3 34. Bxf3 Rxf3 35. Qe4 Rf7 36. Qxg6 Rxf2 37. Qh7 Rb8 38. Qxh5 Rc8 39. Qh7 Rcxc2+ 40. Qxc2 Rxc2+ 41. Kxc2 Kb8 42. Rh1 Kc7 43. Rh7+ Kc6 44. Rh8 Nb5 45. Kb3 Nc7 46. Kb4 Na6+ 47. Ka5 Nc7 48. Rh1 b6+ 49. Ka4 d5 50. Rc1+ Kd6 51. Kb4 Kd7 52. Rh1 Kc6 53. Rh6+ Kb7 54. Rd6 Na6+ 55.
Kc3 Nc7 56. Kd4 Nb5+ 57. Kxd5 Nxd6 58. Kxd6 Ka6 59. Kc6 b5 60. Kc5 Ka5 61. Kc6 Ka4 62. Kb6 b4 63. axb4 Kxb4 1/2-1/2

[Event "Early-Titled-Tuesday-Blitz-February-13-2024"]
[Site "Chess.com"]
[Date "2024.02.13"]
[Round "5"]
[White "MikeSailer"]
[Black "Schattman"]
[Result "0-1"]
[WhiteElo "2172"]
[BlackElo "2390"]
[TimeControl "180+1"]
[EndTime "9:00:45 PST"]
[Termination "Schattman won on time"]

1. d4 e6 2. Nf3 Nf6 3. Bg5 h6 4. Bh4 Be7 5. Nbd2 d5 6. e3 O-O 7. Bd3 b6 8. O-O Bb7 9. c3 Nbd7 10. a4 a5 11. Rc1 Ne4 12. Bxe7 Qxe7 13. Qc2 f5 14.
Ne5 Nxe5 15. dxe5 c5 16. f3 Nxd2 17. Qxd2 Qc7 18. Bb5 Qxe5 19. f4 Qc7 20. Rfd1 Bc6 21. b3 Bxb5 22. axb5 Rfd8 23. h3 a4 24. bxa4 Rxa4 25.
Ra1 Rda8 26. Qb2 Qa7 27. Rxa4 Qxa4 28. Qe2 Qe4 29. Kh2 Kh7 30. Qe1 Ra2 31. Rd2 Ra5 32.
Rb2 d4 33. cxd4 cxd4 34. Re2 d3 35. Rb2 e5 36. Qd2 g5 37. fxg5 hxg5 38. Rb4 Qd5 39. e4 fxe4 40. Qxg5 Ra7 41. Qh5+ Kg7 42. Qg5+ Kf7 43.
Qf5+ Kg7 44. Rxe4 Rf7 45. Rg4+ Kf8 46. Qc8+ Ke7 47. Qc7+ Kf6 48. Rf4+ Kg7 49. Rg4+ Kf6 50. Rf4+ exf4 51. Qxf4+ Ke7 52. Qe3+ Kd7 0-1

[Event "Early-Titled-Tuesday-Blitz-February-13-2024"]
[Site "Chess.com"]
[Date "2024.02.13"]
[Round "5"]
[White "BardArtem"]
[Black "JoliyRoger"]
[Result "1-0"]
[WhiteElo "2786"]
[BlackElo "2531"]
[TimeControl "180+1"]
[EndTime "9:00:46 PST"]
[Termination "BardArtem won on time"]

1. e4 c6 2. d4 d5 3. exd5 cxd5 4. Bd3 Nc6 5. c3 Nf6 6. h3 Qc7 7. Nf3 g6 8. O-O Bf5 9. Re1 e6 10. Bb5 Bxb1 11. Rxb1 Bd6 12. c4 O-O 13. c5 Be7 14. b4 Ne4 15. Qc2 f5 16. Bd3 Bf6 17. Qb2 e5 18.
Qb3 Rad8 19. dxe5 Nxe5 20. Nxe5 Qxe5 21. Be3 Qc7 22. Bxe4 fxe4 23. Rbd1 Qf7 24. b5 d4 25. Bf4 Rfe8 26. Bd6 d3 27. Kf1 Kg7 28. Qxf7+ Kxf7 29. Rb1 Rd7 30. a4 b6 31. Red1 Bd4 32. Rbc1 Bxc5 33.
Bxc5 bxc5 34. Rxc5 Re6 35. Rc4 Kf6 36. Ke1 h5 37. Kd2 Kf5 38. Re1 g5 39. f3 exf3 40.
Rc5+ Kf6 41. Rxe6+ Kxe6 42. gxf3 Kf6 43. a5 Rb7 44.
Kxd3 h4 45. Kc4 Re7 46. b6 axb6 47. axb6 Re1 48. b7 Rc1+ 49. Kb5 Rb1+ 50. Kc6 Ke6 51. Rb5 g4 52. Rxb1 1-0

[Event "Early-Titled-Tuesday-Blitz-February-13-2024"]
[Site "Chess.com"]
[Date "2024.02.13"]
[Round "5"]
[White "FREDERICKtheMATE"]
[Black "Leonid_Starozhilov"]
[Result "1-0"]
[WhiteElo "2656"]
[BlackElo "2730"]
[TimeControl "180+1"]
[EndTime "9:00:46 PST"]
[Termination "FREDERICKtheMATE won on time"]

1. d4 Nf6 2. c4 g6 3. Nc3 Bg7 4. e4 d6 5. Nf3 Bg4 6. Be2 a6 7.
Be3 O-O 8. Qd2 Bxf3 9. Bxf3 Nc6 10. Be2 e5 11. d5 Nd4 12. Bxd4 exd4 13. Qxd4 Re8 14.
Qd3 Nd7 15. f3 b5 16. cxb5 axb5 17. Qxb5 Rb8 18. Qd3 Rxb2 19. Rc1 Nc5 20. Qc4 Qg5 21. Kf2 Bh6 22. Rce1 Qe3+ 23. Kf1 Rc2 24. Nd1 Qd2 25. Qb5 Ra8 26. h4 Bf4 27. Rh3 Rcxa2 28. h5 Kg7 29.
Qc6 Qa5 30. Nf2 Rb2 31. Ng4 Bd2 32. h6+ Kg8 33. Rd1 Bg5 34. Re1 Ra2 35. Qb5 Qxb5 36.
Bxb5 Rb2 37. Be2 Raa2 38. g3 Kf8 39. f4 Be7 40. Nf2 Bf6 41. e5 Be7 42. g4 Nb3 43. Rc3 Nd2+ 44. Kg2 dxe5 45. fxe5 Bh4 46. Rxc7 Bxf2 47.
d6 Ke8 48. Kxf2 Ne4+ 49. Ke3 Ng5 50. Bd3 Ne6 51. Re7+ Kd8 52. Rxf7 Ra3 53. Rxh7 Nc5 54. Rd1 Rbb3 55. Re7 Rxd3+ 56. Rxd3 Rxd3+ 57. Kf4 Rh3 58. Kg5 Nd7 59. Kxg6 Rh4 60. g5 Nf8+ 61. Kg7 Nd7 62. h7 1-0

[Event "Early-Titled-Tuesday-Blitz-February-13-2024"]
[Site "Chess.com"]
[Date "2024.02.13"]
[Round "5"]
[White "Chess_Gainz"]
[Black "KarolKacprzak"]
[Result "0-1"]
[WhiteElo "2544"]
[BlackElo "2734"]
[TimeControl "180+1"]
[EndTime "9:00:46 PST"]
[Termination "KarolKacprzak won on time"]

1. e4 e5 2. Nf3 Nc6 3. Bb5 a6 4. Ba4 Nf6 5. d3 b5 6. Bb3 Bc5 7. Nc3 h6 8. Nd5 d6 9. c3 O-O 10. Nxf6+ Qxf6 11. Bd5 Bd7 12. Rg1 Ne7 13. Bxa8 Rxa8 14.
Be3 Bxe3 15. fxe3 c5 16. Qd2 Qe6 17. Rf1 Bc6 18. Kf2 c4 19. Kg1 cxd3 20. Qxd3 Rd8 21. b3 Qg4 22. Nxe5 Qxe4 23. Qxe4 Bxe4 24. Nxf7 Rd7 25.
Rad1 Nf5 26. Ne5 Rc7 27. Ng4 Rxc3 28. Rd2 d5 29. Nf2 g6 30. Re1 Kf7 31. Nxe4 dxe4 32. Kf2 Ke6 33. Red1 h5 34. h3 h4 35. Rd8 Rc2+ 36.
R1d2 Rc1 37. Re8+ Kf7 38. Red8 Ng3 39. Rd1 Rc3 40. R8d4 Rc2+ 41. R4d2 Rc3 42. Rd4 Kf6 43. Rd6+ Kg5 44. Rxa6 Rc2+ 45. Kg1 Re2 46. Rb6 Rxe3 47. Rxb5+ Kf4 48. Rb8 Re2 49. Rf8+ Ke3 50. Rc8 Rxa2 51. Rc3+ Kf4 52. b4 Rb2 53. Rc4 Ke3 54.
Rc6 Ne2+ 55. Kh2 Ng3 56. Rxg6 Rxb4 0-1

[Event "Early-Titled-Tuesday-Blitz-February-13-2024"]
[Site "Chess.com"]
[Date "2024.02.13"]
[Round "5"]
[White "amanjazu"]
[Black "Mikasinski"]
[Result "1-0"]
[WhiteElo "2520"]
[BlackElo "2644"]
[TimeControl "180+1"]
[EndTime "9:00:46 PST"]
[Termination "amanjazu won on time"]

1. g3 e5 2. Bg2 Nc6 3. c4 Nf6 4. Nc3 Bc5 5. e3 O-O 6. Nge2 Re8 7. O-O d6 8. d4 exd4 9. exd4 Bb6 10. h3 Bf5 11.
Be3 h6 12. a3 Qd7 13. Kh2 a5 14. b3 Ne4 15. d5 Nb8 16. Bxb6 cxb6 17. Nxe4 Bxe4 18.
Bxe4 Rxe4 19. Nc3 Re5 20. Qd4 Na6 21. f4 Rh5 22. h4 Nc5 23. Qd1 Rf5 24. b4 axb4 25.
axb4 Rxa1 26. Qxa1 Nd3 27. Qb1 Nxf4 28. Rxf4 Rxf4 29. gxf4 Qg4 30. Qe4 Qxh4+ 31. Kg2 Qg4+ 32. Kf2 Qh4+ 33. Ke2 Qg3 34. Qe3 Qg2+ 35. Qf2 Qg6 36. f5 Qg4+ 37. Kd3 h5 38. Qxb6 Qxf5+ 39. Ne4 Qf3+ 40.
Qe3 Qd1+ 41. Qd2 Qb1+ 42. Kd4 Qa1+ 43. Nc3 h4 44. c5 h3 45. cxd6 Qg1+ 46. Kc4 h2 47. d7 Qg4+ 48. Kb3 h1=Q 49. d8=Q+ Kh7 50. Qd3+ f5 51. Qf8 Qhh5 52. d6 Qh6 53. d7 Qe6+ 54.
Ka3 1-0

[Event "Early-Titled-Tuesday-Blitz-February-13-2024"]
[Site "Chess.com"]
[Date "2024.02.13"]
[Round "5"]
[White "stratacticos"]
[Black "invisible_s0ul"]
[Result "0-1"]
[WhiteElo "1964"]
[BlackElo "2208"]
[TimeControl "180+1"]
[EndTime "9:00:46 PST"]
[Termination "invisible_s0ul won on time"]

1. e4 c5 2. b4 cxb4 3. a3 e5 4.
axb4 Bxb4 5. c3 Bc5 6. Nf3 Nc6 7. Bb5 Qb6 8. Qe2 Bxf2+ 9. Kf1 Bc5 10. Na3 Bxa3 11.
Bxa3 Nge7 12. g3 a6 13. Bd3 O-O 14. Kg2 Re8 15. Rhf1 d5 16. exd5 Nxd5 17. Qe4 Nf6 18. Qh4 e4 19. Ng5 exd3 20. Rxf6 Re2+ 21. Kh1 h6 22. Rxf7 Be6 23. Nxe6 Kxf7 24. Nf4 Rxd2 25.
Qh5+ Kg8 26. Qd5+ Kh7 27. Qe4+ Kg8 28. Qe6+ Kh8 29. Ng6+ Kh7 30. Qe4 Re2 31. Nf8+ Kg8 32. Qh7+ Kf7 33. Rf1+ Ke8 34. Qg6+ Kd8 35. Qd6+ Kc8 36.
Qd7+ Kb8 37. Bd6+ Ka7 38. Ne6 Rxe6 39. Qxe6 Nd8 40. Qd5 Qc6 41. Bc5+ b6 42. Rf7+ Kb8 43. Bd6+ Kc8 44. Rc7+ Qxc7 45. Bxc7 Kxc7 46. Qxa8 d2 47. Qxa6 d1=Q+ 48. Kg2 Qd2+ 49. Kh3 Qd7+ 50. Kg2 Qc6+ 51. Kh3 Nb7 52. Qe2 Nc5 53. g4 Qe4 0-1

[Event "Early-Titled-Tuesday-Blitz-February-13-2024"]
[Site "Chess.com"]
[Date "2024.02.13"]
[Round "5"]
[White "ChessLover0108"]
[Black "alexrustemov"]
[Result "0-1"]
[WhiteElo "2989"]
[BlackElo "2832"]
[TimeControl "180+1"]
[EndTime "9:00:48 PST"]
[Termination "alexrustemov won on time"]

1. d4 d5 2. c4 e6 3. Nc3 Be7 4. cxd5 exd5 5. Bf4 c6 6. e3 Bf5 7. Nge2 Bd6 8. Qb3 b6 9. Ng3 Be6 10. Bxd6 Qxd6 11. Bd3 Nf6 12. O-O O-O 13. Rac1 Nbd7 14. Rfd1 g6 15. Nge2 a6 16. Na4 c5 17. dxc5 bxc5 18. Qa3 Rfc8 19. h3 Qf8 20. Nf4 c4 21.
Qxf8+ Kxf8 22. Be2 Rab8 23. Bf3 Nb6 24. Nc3 Rc5 25. Rd2 Ke7 26. Rcd1 a5 27. h4 h6 28.
Nfe2 g5 29. hxg5 hxg5 30. Nd4 g4 31. Be2 Bd7 32. Rc1 Nc8 33. Bf1 Nd6 34. g3 Nfe4 35. Nxe4 Nxe4 36. Rdc2 Nd6 37. Bg2 Nf5 38. Ne2 Be6 39. Nc3 Kd6 40. Rd2 Ke5 41. Rcd1 Rd8 42.
e4 Ne7 43. exd5 Nxd5 44. Re2+ Kf5 45. Ne4 Rcc8 46. Rd4 c3 47. bxc3 Nxc3 48. Nxc3 Rxd4 49. Ne4 Rc1+ 50. Kh2 Bd5 51. Nd6+ Kg6 52. Bxd5 Rxd5 53. Ne4 Rdd1 0-1

[Event "Early-Titled-Tuesday-Blitz-February-13-2024"]
[Site "Chess.com"]
[Date "2024.02.13"]
[Round "5"]
[White "platy3"]
[Black "YurasovMat-2012"]
[Result "1-0"]
[WhiteElo "2932"]
[BlackElo "2674"]
[TimeControl "180+1"]
[EndTime "9:00:48 PST"]
[Termination "platy3 won by resignation"]

1. e4 e5 2. Nf3 Nf6 3. Nxe5 d6 4. Nd3 Nxe4 5. Qe2 Qe7 6. Nf4 Nf6 7. d4 d5 8. Nd2 c6 9. Nf3 Nbd7 10. c3 Qxe2+ 11. Bxe2 Bd6 12. O-O O-O 13. Bd3 Re8 14. Be3 h6 15. Rfe1 Nf8 16. a4 Ne6 17. Ne2 Nf8 18. a5 Ng6 19. h3 Bd7 20. Nc1 b6 21. Bf1 Bf4 22. Nd3 Bxe3 23. Rxe3 Rxe3 24. fxe3 Re8 25.
Nde5 c5 26. axb6 axb6 27. Ra7 Be6 28. Bb5 Rb8 29. Bd3 Nf8 30. Nc6 Re8 31. Nfe5 N8d7 32. Kf2 c4 33. Bc2 g5 34. g4 Kg7 35. Kf3 Rc8 36.
Bf5 Bxf5 37. gxf5 Nxe5+ 38. Nxe5 Rf8 39. Rb7 Ne4 40. Rxb6 h5 41. Rb7 Nd2+ 42. Kg2 Ne4 43. Rd7 Nf6 44. Re7 Ne4 45. Ra7 Nd6 46. f6+ Kg8 47. Rd7 Ne4 48. Rxd5 Nxf6 49. Rc5 Ne4 50. Rxc4 f6 51. Nd7 Re8 52. d5 Re7 53. Rxe4 Rxd7 54. c4 Rb7 55. d6 Rxb2+ 56. Kf3 Rb8 57. c5 Kf7 58. c6 f5 59. Rd4 Ke8 60. c7 Ra8 61.
d7+ 1-0

[Event "Early-Titled-Tuesday-Blitz-February-13-2024"]
[Site "Chess.com"]
[Date "2024.02.13"]
[Round "5"]
[White "margarita_2703"]
[Black "KbzasDavid16"]
[Result "0-1"]
[WhiteElo "2365"]
[BlackElo "2554"]
[TimeControl "180+1"]
[EndTime "9:00:49 PST"]
[Termination "KbzasDavid16 won by checkmate"]

1. e4 c5 2. Nf3 d6 3. d4 cxd4 4. Qxd4 Nf6 5. Bg5 Nc6 6. Bb5 Bd7 7. Bxc6 bxc6 8. O-O Qb6 9. Nbd2 Qxd4 10. Nxd4 e6 11. b3 Be7 12. f4 O-O 13. c4 c5 14.
Nc2 Bc6 15. Rae1 h6 16. Bxf6 Bxf6 17. e5 dxe5 18. fxe5 Rfd8 19. Nf3 Be7 20. Rd1 h5 21. Kf2 g6 22. Ke3 g5 23. Nd2 Bxg2 24. Rg1 Bc6 25. Ne4 Bxe4 26. Kxe4 Rxd1 27. Rxd1 Rd8 28. Rxd8+ Bxd8 29. b4 Bb6 30. a3 f5+ 31. exf6 Kf7 32. Ke5 Bc7+ 33. Ke4 Bxh2 34. bxc5 Kxf6 35. Nd4 h4 36.
c6 Bc7 37. Nb5 Bb6 38. c7 Bxc7 39. Nxc7 g4 40. Nb5 h3 41. Nd4 h2 42. Kd3 h1=Q 43. Kc3 Qc1+ 44. Kb4 Qb2+ 45. Nb3 Qc2 46. c5 g3 47. Kb5 Qb2 48. Kc4 g2 49. c6 g1=Q 50. c7 Qgc1+ 51. Kb4 Qcc3+ 52. Kb5 Qbxb3+ 53. Ka6 Qc6+ 54. Kxa7 Qbb7# 0-1

[Event "Early-Titled-Tuesday-Blitz-February-13-2024"]
[Site "Chess.com"]
[Date "2024.02.13"]
[Round "5"]
[White "KhazhatulyAlikhan"]
[Black "Kostukov_Alex"]
[Result "0-1"]
[WhiteElo "2406"]
[BlackElo "2256"]
[TimeControl "180+1"]
[EndTime "9:00:49 PST"]
[Termination "Kostukov_Alex won on time"]

1. e4 c5 2. Nf3 g6 3. d4 cxd4 4.
Nxd4 Bg7 5. Nc3 Nc6 6. Be3 Nf6 7.
Be2 O-O 8. O-O d5 9. exd5 Nxd5 10. Nxd5 Qxd5 11. Nxc6 Qxc6 12. c3 e5 13. a4 Be6 14.
Bb5 Qc7 15. Qc2 Rfd8 16. Rfd1 a6 17. Be2 f5 18. a5 Rxd1+ 19. Bxd1 f4 20. Bb6 Qc6 21. Bf3 Bd5 22. Bxd5+ Qxd5 23. Rd1 Qe6 24. Qe4 Qf7 25. f3 Bf6 26. Rd6 Re8 27. Qd3 Re6 28.
Rd7 Re7 29. Rd8+ Kg7 30. Rd6 Re6 31. Rd5 Re7 32. c4 Qe6 33. b4 e4 34. fxe4 Qxe4 35. Qxe4 Rxe4 36. Rd7+ Kh6 37. Rxb7 Rxc4 38. Bc5 Bd4+ 39.
Bxd4 Rxd4 40. Kf2 Kg5 41. Ke2 Kf5 42. Rb6 h5 43. h3 g5 44. Kf2 g4 45. hxg4+ hxg4 46. Rb8 Rd2+ 47. Kf1 Rb2 48. Rb6 Ke4 49. Rxa6 Rb1+ 50.
Ke2 Rb2+ 51. Kf1 Rxb4 52. Ra7 Ra4 53. Re7+ Kf5 54. Rf7+ Kg5 55. Ra7 Kh4 0-1

[Event "Early-Titled-Tuesday-Blitz-February-13-2024"]
[Site "Chess.com"]
[Date "2024.02.13"]
[Round "5"]
[White "AlexeiShirov"]
[Black "DenLaz"]
[Result "0-1"]
[WhiteElo "2833"]
[BlackElo "3047"]
[TimeControl "180+1"]
[EndTime "9:00:50 PST"]
[Termination "DenLaz won on time"]

1. e4 e5 2. Nf3 Nc6 3. Bb5 Nf6 4. O-O Nxe4 5. d4 Nd6 6. dxe5 Nxb5 7. a4 d6 8. e6 Bxe6 9. axb5 Ne5 10. Nd4 Be7 11. f4 Nc4 12. b3 Nb6 13. f5 Bd7 14. Qg4 O-O 15. Nc3 Bf6 16. Be3 Re8 17. Bf2 c5 18. bxc6 bxc6 19. Ne4 c5 20. Nxd6 cxd4 21. Nxe8 Qxe8 22.
Bxd4 Nd5 23. Rfe1 Qc8 24. c4 Bxf5 25. Qd1 Bc2 26. Qd2 Bxd4+ 27. Qxd4 Nf6 28. b4 h5 29. b5 Qb7 30. Qd6 Be4 31. Re2 Rc8 32. Qd4 Rc7 33.
Rae1 Rd7 34. Qc5 Bg6 35. Re7 Kh7 36. Rxd7 Qxd7 37. Qe3 Ng4 38. Qf4 Qd3 39. h3 Nf6 40. Re3 Qd2 41. Rf3 Qd1+ 42. Rf1 Qc2 43. Rf2 Qc3 44.
Rf3 Qb4 45. Kh2 Be4 46. Rg3 Qxc4 47. Qe5 Bg6 48. Ra3 Nd7 49. Qg5 f6 50. Qe3 Qxb5 51.
Rxa7 Qe5+ 52. Qxe5 Nxe5 53. Kg3 Be4 54. Kf2 Kg6 55. g3 Bd5 56. Ke3 Be6 0-1

[Event "Early-Titled-Tuesday-Blitz-February-13-2024"]
[Site "Chess.com"]
[Date "2024.02.13"]
[Round "5"]
[White "Andrey_Klymchuk"]
[Black "HATilay"]
[Result "0-1"]
[WhiteElo "2743"]
[BlackElo "2530"]
[TimeControl "180+1"]
[EndTime "9:00:51 PST"]
[Termination "HATilay won by resignation"]

1. e4 c5 2. d4 cxd4 3. Qxd4 Nc6 4. Qd3 g6 5. Nc3 Bg7 6. Nf3 d6 7. Be2 Nf6 8. O-O O-O 9. Nd5 Nd7 10. c3 Nc5 11. Qc2 Bg4 12. h3 Bxf3 13. Bxf3 e6 14. Ne3 Qe7 15. Rd1 Rac8 16. Be2 Rfd8 17. Ng4 h5 18.
Nh2 Qh4 19. Bd3 Ne5 20. Nf3 Nxf3+ 21. gxf3 Qxh3 22. Be2 Qh4 23. f4 Bh6 24. f5 Nxe4 25. Bf3 Ng5 26. Bxb7 Rc4 27. fxg6 Qh3 28. gxf7+ Kxf7 29.
f4 Rg8 30. fxg5 Rg4+ 31. Bg2 Bxg5 32. Qh7+ Rg7 33. Rf1+ Bf6 34. Qxg7+ Kxg7 35. Rf2 Be5 36. Kf1 Qd3+ 37. Re2 Qd1+ 38. Re1 Qd3+ 39. Kg1 Bh2+ 40. Kh1 Rxg2 41. Kxg2 Qg3+ 42. Kh1 Qxe1+ 43. Kxh2 Qf2+ 44. Kh3 Qf1+ 45. Kg3 Kg6 46. b3 Qg1+ 47. Kf3 h4 48. Bb2 Qg3+ 49. Ke4 h3 50. c4 h2 51. Bd4 h1=Q+ 52.
Rxh1 Qg2+ 53. Kd3 Qxh1 54. Bxa7 Qd1+ 55. Kc3 Kf5 56. a4 e5 57. a5 e4 58. a6 Qa1+ 59.
Kb4 Qxa6 60. Be3 Qb7+ 61. Kc3 Kg4 62. b4 Kf3 63. Bd4 e3 64. Bxe3 Kxe3 65. b5 Qb6 66.
Kb4 Kd4 0-1